 Dungeon Crawl Stone Soup version 0.31-a0-152-g6aa68a64a1 (webtiles) character file.

Game seed: 8909850010286337199

323 qw the Shooter (level 6, -4/52 HPs)
             Began as a Minotaur Hunter on June 9, 2023.
             Slain by a gnoll bouda
             ... wielding a +0 whip
              (7 damage)
             ... on level 4 of the Dungeon.
             The game lasted 00:01:13 (2704 turns).

qw the Shooter (Minotaur Hunter)                    Turns: 2704, Time: 00:01:13

Health: -4/52      AC:  7    Str: 15    XL:     6   Next: 23%
Magic:  5/5        EV: 13    Int:  6    God:
Gold:   287        SH:  0    Dex: 16    Spells: 5/5 levels left

rFire   . . .        Y - +1 shortbow
rCold   . . .        (shield currently unavailable)
rNeg    + . .        k - +2 robe {rN+}
rPois   .            (helmet restricted)
rElec   .            (no cloak)
rCorr   .            (no gloves)
SInv    +            f - +2 pair of boots
Will    .....        (no amulet)
Stlth   ++           i - ring of see invisible
HPRegen 0.28/turn    (no ring)
MPRegen 0.09/turn

%: no passive effects
@: no status effects
A: horns 2, retaliatory headbutt
a: no special abilities


You were on level 4 of the Dungeon.
You visited 1 branch of the dungeon, and saw 4 of its levels.

You collected 287 gold pieces.


Innate Abilities, Weirdness & Mutations

You have a pair of horns on your head.
You reflexively headbutt those who attack you in melee.


   Skills:
 - Level 4.0 Fighting
 + Level 7.4 Ranged Weapons
 - Level 3.0 Dodging
 - Level 0.7 Stealth


You had 5 spell levels left.
You didn't know any spells.
Your spell library was empty.

Inventory:

Hand Weapons
 b - the +9 longbow "Levorgh" {flame, Fragile rElec rF++}
   (You acquired it on level 2 of the Dungeon)

   rF:        It greatly protects you from fire.
   rElec:     It insulates you from electricity.
   Fragile:   It will be destroyed if unequipped.
 Y - a +1 shortbow (weapon)
Armour
 f - a +2 pair of boots (worn)
 k - a +2 robe of positive energy (worn)
 n - a +2 pair of boots
Jewellery
 i - a ring of see invisible (left hand)
Scrolls
 a - 4 scrolls of identify
 e - a scroll of immolation {unknown}
Potions
 c - a potion of cancellation
 d - 2 potions of curing {unknown}
 g - a potion of resistance {unknown}
 h - a potion of ambrosia {unknown}
 j - a potion of heal wounds {unknown}
 l - a potion of brilliance {unknown}
 m - a potion of attraction {unknown}

Dungeon Overview and Level Annotations

Branches:
Dungeon (4/15)
 Temple: D:4-7

Altars:
Fedhas
Uskayaw
Yredelemnul

Annotations:
D:3 2 transporters, qw's ghost, amateur GrHu


Message History

The grasping roots release their grip on you.
You shoot an arrow. The arrow barely misses Ijyb.
The arrow hits the adder!
You kill the adder!
Ijyb zaps a wand.
The roots erupt in riotous growth!
The grasping roots grab you!
Ijyb is unaffected.
The grasping roots constrict you.
You shoot an arrow. The arrow barely misses Ijyb.
The arrow hits the hobgoblin!
You kill the hobgoblin!
Ijyb barely misses you. The grasping roots constrict you.
You shoot an arrow. The arrow hits Ijyb but does no damage.
Ijyb is almost dead.
Ijyb hits you with a +0 club. The grasping roots constrict you.
The grasping roots release their grip on you.
You shoot an arrow. The arrow hits Ijyb.
Ijyb is almost dead.
Ijyb hits you but does no damage.
You shoot an arrow. The arrow hits Ijyb.
You kill Ijyb!
You start resting.
A gnoll bouda is nearby!
You shoot an arrow. The arrow hits the gnoll bouda.
The gnoll bouda is lightly wounded.
You shoot an arrow.
The arrow hits the gnoll bouda but does no damage.
The gnoll bouda is lightly wounded.
The gnoll bouda hits you but does no damage.
You shoot an arrow.
The arrow hits the gnoll bouda but does no damage.
The gnoll bouda is lightly wounded.
The gnoll bouda barely misses you.
You shoot an arrow. The arrow hits the gnoll bouda!
The gnoll bouda is heavily wounded.
The gnoll bouda closely misses you.
You shoot an arrow.
The arrow closely misses the gnoll bouda.
The gnoll bouda hits you with a +0 whip.
You shoot an arrow.
The arrow closely misses the gnoll bouda.
The gnoll bouda hits you with a +0 whip!
You die...

###########
.#.#######.........#
.....%g@.#.........#
.####.##...........#
# ##..........#
##.........#
#.....##### #
.#####..########
.................
..#######..######
##....###


You could see a gnoll bouda.

Vanquished Creatures
  A hound (D:4)
  A jelly (D:4)
  Ijyb (D:4)
  Jessica (D:2)
  Robin (D:4)
  5 adders
  5 gnolls (D:4)
  2 worms
  4 dart slugs
  7 endoplasms
  3 giant cockroaches
  20 goblins
  12 hobgoblins
  4 jackals (D:3)
  7 kobolds
  4 quokkas
  8 ball pythons
  A bat (D:1)
  4 frilled lizards
  5 rats
96 creatures vanquished.

Notes
Turn   | Place    | Note
-------+----------+-------------------------------------------
     0 | D:1      | qw the Minotaur Hunter began the quest for the Orb.
     0 | D:1      | Reached XP level 1. HP: 18/18 MP: 0/0
     0 | D:1      | 0 ||| qw: Version: 0.2-a-122-gbc61b45
     0 | D:1      | 0 ||| qw: Game counter: 3363
     0 | D:1      | 0 ||| qw: Always use a shield: true
     0 | D:1      | 0 ||| qw: God list: Okawaru
     0 | D:1      | 0 ||| qw: Allow faded altars: false
     0 | D:1      | 0 ||| qw: Do Orc after D:15 true
     0 | D:1      | 0 ||| qw: Do second Lair branch before Depths: true
     0 | D:1      | 0 ||| qw: Lair rune preference: random
     0 | D:1      | 0 ||| qw: Plans: Normal
     0 | D:1      | 0 ||| PLANNING D:1-11
   258 | D:1      | Reached XP level 2. HP: 25/25 MP: 1/1
   281 | D:1      | Reached skill level 5 in Ranged Weapons
   373 | D:1      | Reached skill level 3 in Fighting
   596 | D:1      | 596 ||| READING 4 scrolls labelled ICRIRCH DITI.
   597 | D:1      | 597 ||| READING 2 scrolls labelled ZYETTAUGHIE.
   600 | D:1      | 600 ||| READING scroll labelled OPNUGH UKU UTE.
   601 | D:1      | 601 ||| DRINKING 2 fizzy puce potions.
   631 | D:1      | 631 ||| READING 3 scrolls of identify.
   631 | D:1      | 631 ||| IDENTIFYING lumpy yellow potion
   632 | D:1      | 632 ||| READING 2 scrolls of identify.
   632 | D:1      | 632 ||| IDENTIFYING red potion
   633 | D:1      | 633 ||| DROPPING scroll of butterflies.
   634 | D:1      | 634 ||| DROPPING potion of invisibility.
   635 | D:1      | 635 ||| DROPPING potion of lignification.
   636 | D:1      | 636 ||| DROPPING potion of magic.
   654 | D:2      | Reached XP level 3. HP: 31/31 MP: 2/2
   658 | D:2      | 658 ||| STAIRDANCE
   750 | D:2      | Noticed Jessica
   757 | D:2      | Killed Jessica
   758 | D:2      | Reached XP level 4. HP: 28/38 MP: 3/3
   853 | D:2      | Reached skill level 6 in Ranged Weapons
   874 | D:2      | 874 ||| FLEEEEING.
   875 | D:2      | 875 ||| FLEEEEING.
  1542 | D:2      | 1542 ||| UPGRADING to +0 pair of boots.
  1547 | D:2      | 1547 ||| UPGRADING to +2 robe of positive energy.
  1557 | D:2      | 1557 ||| DROPPING +0 leather armour.
  1558 | D:2      | 1558 ||| READING scroll labelled DUOSYO JEFFEUSH.
  1559 | D:2      | 1559 ||| READING scroll labelled QAFEHE RATUIFE.
  1559 | D:2      | Identified a scroll of acquirement
  1559 | D:2      | 1559 ||| ACQUIRING +9 longbow "Levorgh" {flame, Fragile
                  | rElec rF++}
  1559 | D:2      | Acquired the +9 longbow "Levorgh" {flame, Fragile rElec
                  | rF++}
  1561 | D:2      | 1561 ||| READING scroll labelled NOHEZU IROP.
  1613 | D:3      | Found a transporter.
  1615 | D:3      | Noticed qw's ghost (amateur GrHu)
  1770 | D:3      | Found a blossoming altar of Fedhas.
  1949 | D:3      | Found a transporter.
  2058 | D:3      | 2058 ||| UPGRADING to ring of see invisible.
  2059 | D:3      | 2059 ||| READING scroll labelled XUMIELINTAT.
  2060 | D:3      | 2060 ||| READING scroll labelled REAGAO MO KUECH.
  2061 | D:3      | 2061 ||| READING 3 scrolls labelled JARHIS FAUQ.
  2062 | D:3      | 2062 ||| READING 2 scrolls of enchant armour.
  2062 | D:3      | 2062 ||| ENCHANTING +0 pair of boots.
  2063 | D:3      | 2063 ||| READING scroll of enchant armour.
  2063 | D:3      | 2063 ||| ENCHANTING +1 pair of boots.
  2064 | D:3      | 2064 ||| READING 2 scrolls of identify.
  2064 | D:3      | 2064 ||| IDENTIFYING silvery potion
  2112 | D:4      | Reached XP level 5. HP: 46/46 MP: 4/4
  2118 | D:4      | 2118 ||| FLEEEEING.
  2119 | D:4      | 2119 ||| FLEEEEING.
  2176 | D:4      | Reached skill level 7 in Ranged Weapons
  2176 | D:4      | HP: 9/46 [gnoll/+0 club[a gnoll bouda] (4)]
  2177 | D:4      | 2177 ||| READING scroll of teleportation.
  2177 | D:4      | HP: 3/46 [gnoll/+0 club[a gnoll bouda] (4)]
  2179 | D:4      | HP: 1/46 [gnoll/+0 club[a gnoll bouda] (3)]
  2350 | D:4      | Noticed Robin
  2367 | D:4      | Killed Robin
  2368 | D:4      | Reached skill level 3 in Dodging
  2374 | D:4      | Reached XP level 6. HP: 38/52 MP: 5/5
  2522 | D:4      | Found a basalt altar of Yredelemnul.
  2522 | D:4      | Found a hide-covered altar of Uskayaw.
  2680 | D:4      | Noticed Ijyb
  2691 | D:4      | HP: 13/52 [constriction (6)]
  2694 | D:4      | HP: 6/52 [constriction (3)]
  2697 | D:4      | Killed Ijyb
  2703 | D:4      | HP: 3/52 [gnoll bouda/+0 whip (3)]
  2704 | D:4      | Slain by a gnoll bouda

Levels and vault maps discovered:
D:1:      sevenhm_arrival_forest_fort_small_3, layout_loops_ring
D:2:      layout_loops_ring, minmay_misc_feat_more_columns,
          minmay_increasing_density, uniq_jessica
D:3:      layout_basic, fedhas_altar_fruit_tree, gammafunk_ghost_mausoleum,
          columned_hall_lemuel
D:4:      layout_basic, mainiacjoe_overflow_divided_tiny, uniq_robin, uniq_ijyb

Skill      XL: |  1  2  3  4  5 |
---------------+----------------+-----
Ranged Weapons | 5 6 7 |  7.4
Fighting       | 3 4 |  4.0
Dodging        | 3 |  3.0
Stealth        | |  0.7

Action                     |  1- 3 |  4- 6 || total
---------------------------+-------+-------++-------
  Melee: Unarmed           |       |    11 ||    11
   Fire: Shortbow          |    81 |   178 ||   259
    Use: Scroll            |     5 |    10 ||    15
         Potion            |     1 |       ||     1
 Armour: Leather armour    |     4 |     1 ||     5
         Robe              |       |    31 ||    31
         Skin              |       |     9 ||     9
  Dodge: Dodged            |    22 |   104 ||   126

Table legend:
 A = Non-vault XP
 B = Vault XP
 C = Vault XP percentage of total XP
 D = Non-vault monster count
 E = Vault monster count
 F = Vault count percentage of total count
                 A         B        C        D         E       F
            +---------+---------+-------+---------+---------+-------
      Total |     336 |     126 |  27.3 |      74 |      22 |  22.9
            +---------+---------+-------+---------+---------+-------
        D:1 |      52 |       0 |   0.0 |      24 |       0 |   0.0
        D:2 |      41 |      54 |  56.8 |      16 |       9 |  36.0
        D:3 |      29 |       0 |   0.0 |      11 |       0 |   0.0
        D:4 |     214 |      72 |  25.2 |      23 |      13 |  36.1
            +---------+---------+-------+---------+---------+-------
